 Dungeon Crawl Stone Soup version 0.29.0-10-g45618ea6d2 (webtiles) character file.

Game seed: 15016045578488609119

386 nickcage the Chopper (level 6, 0/50 HPs)
             Began as a Minotaur Gladiator on Sept 1, 2022.
             Was an Initiate of Qazlal.
             Slain by a gnoll
             ... wielding a +1 halberd of distortion
             ... led by a gnoll bouda
              (8 damage)
             ... on level 5 of the Dungeon.
             The game lasted 00:08:17 (3994 turns).

nickcage the Chopper (Minotaur Gladiator)           Turns: 3994, Time: 00:08:19

Health: 0/50       AC:  9    Str: 20    XL:     6   Next: 48%
Magic:  5/5        EV:  8    Int:  5    God:    Qazlal [......]
Gold:   196        SH:  6    Dex: 12    Spells: 5/5 levels left

rFire   . . .      SeeInvis .   a - +0 war axe
rCold   . . .      Faith    .   g - +2 buckler
rNeg    . . .      Spirit   .   i - +0 chain mail
rPois   .          Reflect  .   c - +0 hat
rElec   .          Harm     .   o - +0 cloak
rCorr   .          Rampage  .   (no gloves)
Will    .....                   (no boots)
Stlth   ..........              (no amulet)
HPRegen 0.16/turn               (no ring)
MPRegen 0.09/turn               (no ring)

@: no status effects
A: horns 2, retaliatory headbutt
a: Renounce Religion


You were on level 5 of the Dungeon.
You worshipped Qazlal.
Qazlal was noncommittal.
You visited 2 branches of the dungeon, and saw 6 of its levels.

You collected 196 gold pieces.

Inventory:

Hand Weapons
 a - a +0 war axe (weapon)
Missiles
 d - 4 throwing nets
 e - a javelin
 p - 10 poisoned darts (quivered)
Armour
 b - a +0 leather armour
 c - a +0 hat (worn)
 g - a +2 buckler (worn)
 i - a +0 chain mail (worn)
 o - a +0 cloak (worn)
Jewellery
 y - a ring of flight
Scrolls
 h - 3 scrolls of enchant armour {unknown}
 k - 5 scrolls of teleportation {unknown}
 m - 2 scrolls of enchant weapon {unknown}
 n - 3 scrolls of poison {unknown}
 q - a scroll of butterflies {unknown}
 t - 2 scrolls of summoning {unknown}
 u - 4 scrolls of identify {unknown}
 x - a scroll of noise {unknown}
 z - 3 scrolls of amnesia {unknown}
Potions
 f - 3 potions of ambrosia {unknown}
 j - a potion of flight {unknown}
 l - 3 potions of curing
 r - a potion of haste {unknown}
 s - a potion of magic {unknown}
 v - a potion of brilliance {unknown}
 w - a potion of might {unknown}
 A - a potion of cancellation {unknown}


   Skills:
 - Level 2.4 Fighting
 + Level 7.9 Axes
 - Level 2.0 Throwing
 - Level 3.2 Dodging
 * Level 3.7 Shields


You had 5 spell levels left.
You didn't know any spells.
Your spell library contained the following spells:

 Spells                   Type           Power      Damage    Failure   Level
 Ozocubu's Armour         Ice            0%         N/A       100%        3
 Ozocubu's Refrigeration  Ice            0%         4d7       100%        7


Dungeon Overview and Level Annotations

Branches:
Dungeon (5/15)             Temple (1/1) D:4

Altars:
Ashenzari
Cheibriados
Elyvilon
Kikubaaqudgha
Qazlal
Sif Muna
Trog
Uskayaw
Vehumet
Wu Jian
Yredelemnul
Zin

Annotations:
D:5 Dowan, Duvessa


Innate Abilities, Weirdness & Mutations

You have a pair of horns on your head.
You reflexively headbutt those who attack you in melee.


Message History

You headbutt the gnoll, but do no damage.
The gnoll is moderately wounded.
You hit the gnoll. You block the gnoll's attack. x2
The gnoll hits you with a +0 flail. The gnoll hits you with a +0 club.
The gnoll hits you from afar with a +1 halberd of distortion.
You blink.
Found 8 gold pieces.
Found a stone staircase leading down.
The gnoll hits you but does no damage.
You blink.
The gnoll barely misses you.
The gnoll hits you from afar with a +1 halberd of distortion!
You closely miss the gnoll.
The gnoll is lightly wounded.
The gnoll closely misses you. You block the gnoll's attack.
You hit the gnoll but do no damage. You headbutt the gnoll!
The gnoll is almost dead.
You hit the gnoll. You block the gnoll's attack.
The gnoll hits you with a +0 club. The gnoll barely misses you.
You slash the gnoll!
You kill the gnoll!
Qazlal accepts your kill.
You barely miss the gnoll. You block the gnoll's attack.
A gnoll bouda comes into view. It is wielding a +0 whip.
A gnoll comes into view. It is wielding a +0 flail.
The gnoll hits you but does no damage. Space warps horribly around you!
* * * LOW HITPOINT WARNING * * *
The gnoll closely misses you. You block the gnoll's attack.
You see here a +0 flail.
The gnoll bouda shouts!
The gnoll shouts!
You slash the gnoll! Your headbutt misses the gnoll.
The gnoll is heavily wounded.
You hit the gnoll but do no damage. The gnoll completely misses you.
The gnoll hits you with a +0 club.
* * * LOW HITPOINT WARNING * * *
You closely miss the gnoll.
The gnoll is heavily wounded.
You closely miss the gnoll. The gnoll hits you with a +0 club.
* * * LOW HITPOINT WARNING * * *
The gnoll bouda calls upon its god to heal the gnoll.
The gnoll's wounds heal themselves!
The gnoll hits you with a +1 halberd of distortion!
You die...

.# #.# #.# +##.
#####.#
....###.....#
.....!......##
.............#
....g...g@...#
...g.....g...######
.##.##............#
..>.##......#.#####
............#.#
............#.#
............#.#
..............#
..............#


You could see a gnoll bouda and 3 gnolls.

Vanquished Creatures
  A scorpion (D:4)
  3 hounds
  2 iguanas (D:4)
  An orc wizard (D:3)
  5 adders
  A gnoll (D:5)
  3 worms
  2 dart slugs (D:1)
  9 orcs
  10 ball pythons
  7 bats
  6 endoplasms
  6 giant cockroaches
  8 goblins
  9 hobgoblins
  A jackal (D:3)
  A quokka (D:3)
  2 frilled lizards
  5 kobolds
  4 rats
86 creatures vanquished.

Notes
Turn   | Place    | Note
-------+----------+-------------------------------------------
     0 | D:1      | nickcage the Minotaur Gladiator began the quest for the
                  | Orb.
     0 | D:1      | Reached XP level 1. HP: 18/18 MP: 0/0
    88 | D:1      | Reached skill level 4 in Axes
    88 | D:1      | Reached skill level 1 in Shields
   251 | D:1      | Reached XP level 2. HP: 25/25 MP: 1/1
   760 | D:1      | Found a faded altar of an unknown god.
  1036 | D:2      | Reached XP level 3. HP: 30/30 MP: 2/2
  1427 | D:3      | Reached skill level 5 in Axes
  1536 | D:3      | Reached XP level 4. HP: 36/37 MP: 3/3
  1857 | D:3      | HP: 1/37 [poisoned by an orc wizard]
  1858 | D:3      | Reached skill level 6 in Axes
  2296 | D:3      | Reached XP level 5. HP: 38/42 MP: 4/4
  2374 | D:4      | Found a staircase to the Ecumenical Temple.
  2388 | Temple   | Entered the Ecumenical Temple
  2991 | D:4      | Reached skill level 7 in Axes
  3120 | D:4      | Found a stormy altar of Qazlal.
  3184 | D:4      | Found an ancient bone altar of Kikubaaqudgha.
  3209 | D:4      | Became a worshipper of Qazlal Stormbringer
  3401 | D:4      | Reached XP level 6. HP: 50/50 MP: 5/5
  3427 | D:5      | Entered Level 5 of the Dungeon
  3635 | D:5      | Noticed Duvessa
  3637 | D:5      | Noticed Dowan
  3994 | D:5      | Slain by a gnoll

Illustrated notes

Levels and vault maps discovered:
D:1:      mushboom_english_gardens, layout_basic, basic_ecumenical_altar,
          chequers_decorated_corner
D:2:      layout_basic
D:3:      layout_rooms, minmay_quadrilaterals
D:4:      layout_rooms, mainiacjoe_overflow_catwalk_spiral,
          minmay_temple_entry_drinking_statues, ebering_dispersal_statue_hall
D:5:      minmay_diamond_boxcup, layout_basic,
          riverfiend_overflow_shadow_ancestor, uniq_duvessa
Temple:   jpeg_temple_alley_garden

Skill      XL: |  1  2  3  4  5 |
---------------+----------------+-----
Axes           | 4 5 6 7 |  7.9
Shields        | 1 2 3 |  3.7
Fighting       | |  2.4
Throwing       | |  2.0
Dodging        | |  3.2

Action                   |  1- 3 |  4- 6 || total
-------------------------+-------+-------++-------
Melee: War axe           |    82 |   135 ||   217
       Headbutt          |     7 |    16 ||    23
  Use: Potion            |       |     1 ||     1
Armor: Leather armour    |     3 |       ||     3
       Chain mail        |    44 |    59 ||   103
Dodge: Dodged            |    30 |    49 ||    79
Block: Buckler           |    22 |    49 ||    71
